 Dungeon Crawl Stone Soup version 0.29-a0-581-ge9a90b782e (webtiles) character file.

Game seed: 541987777120997602

42 Lekart the Skirmisher (level 3, 0/43 HPs)
             Began as a Draconian Monk on June 14, 2022.
             Succumbed to an adder's poison
             ... on level 3 of the Dungeon.
             The game lasted 00:02:11 (2068 turns).

Lekart the Skirmisher (Draconian Monk)              Turns: 2068, Time: 00:02:12

Health: 0/43       AC:  5    Str: 13    XL:     3   Next: 35%
Magic:  3/3        EV: 13    Int: 10    God:
Gold:   111        SH:  0    Dex: 15    Spells: 2/2 levels left

rFire   . . .      SeeInvis .   a - +1 falchion
rCold   . . .      Faith    .   (no shield)
rNeg    . . .      Spirit   .   (body armour unavailable)
rPois   .          Reflect  .   (helmet restricted)
rElec   .          Harm     .   (no cloak)
rCorr   .          Rampage  .   (no gloves)
Will    .....                   (no boots)
Stlth   ..........              (no amulet)
HPRegen 0.14/turn               (no ring)
MPRegen 0.08/turn               (no ring)

@: berserking, lethally poisoned (0 -> -6), very quick
A: AC +5, unfitting armour, cold-blooded, talons 1, frail 1
a: no special abilities


You were on level 3 of the Dungeon.
You visited 1 branch of the dungeon, and saw 3 of its levels.

You collected 111 gold pieces.

Inventory:

Hand Weapons
 a - a +1 falchion (weapon)
Jewellery
 f - a ring of protection from fire
Wands
 l - a wand of iceblast (11)
Potions
 b - a potion of ambrosia
 g - a potion of brilliance
 j - a potion of haste


   Skills:
 + Level 3.8 Fighting
 + Level 3.7 Long Blades
 + Level 3.1 Dodging
 - Level 1.7 Stealth


You had 2 spell levels left.
You didn't know any spells.
Your spell library was empty.

Dungeon Overview and Level Annotations

Branches:
Dungeon (3/15)

Altars:


Innate Abilities, Weirdness & Mutations

Your plain brown scales are hard. (AC +5)
You cannot fit into any form of body armour.
You are cold-blooded and may be slowed by cold attacks.
You have sharp toenails.
You are frail. (-10% HP)


Message History

You closely miss the adder. Your kick misses the adder.
The adder is lightly wounded.
You feel sick. The adder barely misses you. The hobgoblin closely misses you.
You closely miss the adder. You claw the adder, but do no damage.
The adder is lightly wounded.
You feel sick. The adder barely misses you. The hobgoblin hits you.
The adder barely misses you.
You slash the adder!
The adder is almost dead.
You feel sick. The hobgoblin hits you. The adder bites you.
The hobgoblin closely misses you.
You are too injured to fight recklessly!
You are too injured to fight recklessly!
You are too injured to fight recklessly!
You are too injured to fight recklessly!
You are too injured to fight recklessly!
You are too injured to fight recklessly!
You completely miss the adder.
The adder is almost dead.
You feel sick. The adder bites you.
* * * LOW HITPOINT WARNING * * *
The adder bites you.
* * * LOW HITPOINT WARNING * * *
The hobgoblin closely misses you.
You miss the adder. Your kick misses the adder.
The adder is almost dead.
You feel sick. The adder bites you.
* * * LOW HITPOINT WARNING * * *
You are lethally poisoned!
The adder poisons you! The hobgoblin hits you.
* * * LOW HITPOINT WARNING * * *
A red film seems to cover your vision as you go berserk!
You feel yourself moving faster!
You feel mighty!
* * * LOW HITPOINT WARNING * * *
You feel sick. The adder closely misses you. The hobgoblin closely misses you.
The adder bites you but does no damage.
You are too berserk!
You miss the adder.
The adder is almost dead.
You die...

.♣# ###### ###....
#....# ....♣.♣ #....#
....... #....# ......♣
#....# ##...:...
#####....#######........
...............'........
################@g......
#†S.####+ #...# #..(#
#...# #...# #...# #...#


You could see an adder and a hobgoblin.

Vanquished Creatures
  An adder (D:2)
  2 worms (D:2)
  4 endoplasms
  3 giant cockroaches (D:1)
  4 goblins
  2 hobgoblins
  2 ball pythons
  3 bats
  A frilled lizard (D:1)
  4 kobolds
  A rat (D:2)
27 creatures vanquished.

Vanquished Creatures (others)
  2 plants (D:3)
2 creatures vanquished.

Grand Total: 29 creatures vanquished

Notes
Turn   | Place    | Note
-------+----------+-------------------------------------------
     0 | D:1      | Lekart the Draconian Monk began the quest for the Orb.
     0 | D:1      | Reached XP level 1. HP: 19/19 MP: 1/1
   622 | D:1      | Reached XP level 2. HP: 24/26 MP: 2/2
  1169 | D:2      | Reached XP level 3. HP: 19/33 MP: 3/3
  1775 | D:2      | Found a faded altar of an unknown god.
  1993 | D:2      | Gained mutation: You have sharp toenails. [potion of
                  | mutation]
  1993 | D:2      | Gained mutation: You are frail. (-10% HP) [potion of
                  | mutation]
  2067 | D:3      | HP: 1/43 [poisoned by an adder]
  2068 | D:3      | Succumbed to an adder's poison

Illustrated notes

Levels and vault maps discovered:
D:1:      nzn_arrival_settlement, layout_loops_corners, kennysheep_minor_cross,
          hangedman_decor_growths, chequers_serial_rivers_micro_e
D:2:      layout_loops_cross, ebering_ecumenical_altar_abandoned,
          minmay_misc_feat_encased, minmay_misc_feat_square,
          uniq_crazy_yiuf_cottage
D:3:      layout_basic, serial_forest, infiniplex_forest_lined_ring,
          infiniplex_forest_lined_4_way, infiniplex_forest_straight_4,
          infiniplex_forest_end_double, infiniplex_forest_straight_1,
          infiniplex_forest_lined_room_2, infiniplex_forest_lined_4_way

Skill      XL: |  1  2 |
---------------+-------+-----
Dodging        | 3 |  3.1
Fighting       | |  3.8
Long Blades    | |  3.7
Stealth        | |  1.7

Action                   || total
-------------------------++-------
Melee: Falchion          ||    95
       Tailslap          ||     9
       Kick              ||     2
  Use: Scroll            ||     6
       Potion            ||     4
 Stab: Sleeping          ||     7
Armor: Skin              ||    18
Dodge: Dodged            ||    60

Table legend: (Time is in decaauts)
 A = Elapsed time spent in this place.
 B = Non-inter-level travel time spent in this place.
 C = Inter-level travel time spent in this place.
 D = Time resting spent in this place.
 E = Time spent auto-exploring this place.
 F = Levels seen in this place.
 G = Mean time per level.
                   A        B        C        D        E       F      G
               +--------+--------+--------+--------+--------+-----+--------+
         Total |   2081 |   2041 |     40 |      0 |   1788 |   3 |  693.7 |
       Dungeon |   2081 |   2041 |     40 |      0 |   1788 |   3 |  693.7 |
               +--------+--------+--------+--------+--------+-----+--------+

Top non-repeatable levels by time:
     D:1: 1025 daAuts
     D:2: 997 daAuts
     D:3: 58 daAuts
